 Dungeon Crawl Stone Soup version 0.27.1-37-g7b29ead8ac (webtiles) character file.

Game seed: 1650519019295500972

5 tkbsonic5 the Magician (level 1, 0/15 HPs)
             Began as a Djinni Fire Elementalist on July 12, 2023.
             Slain by a giant cockroach (1 damage)
             ... on level 1 of the Dungeon.
             The game lasted 00:02:13 (153 turns).

tkbsonic5 the Magician (Djinni Fire Elementalist)    Turns: 153, Time: 00:02:14

Health: 0/15       AC:  2    Str:  7    XL:     1   Next: 88%
Gold:   5          EV: 12    Int: 16    God:
                   SH:  0    Dex: 13

rFire    + + .     SeeInvis .   (no weapon)
rCold    x . .     Faith    .   (no shield)
rNeg     . . .     Spirit   .   a - +0 robe {Solar Flair}
rPois    ∞         Reflect  .   (no helmet)
rElec    .         Harm     .   (no cloak)
rCorr    .         Rampage  .   (no gloves)
Will     .....                  (boots unavailable)
Stlth    ++........             (no amulet)
HPRegen  0.05/turn              (no ring)
MPRegen  0.00/turn              (no ring)

@: flying
A: sickness immunity, fire resistance 2, cold vulnerability 1, float, innate
caster, hp casting, extra vitality 1
a: no special abilities


You were on level 1 of the Dungeon.
You visited 1 branch of the dungeon, and saw 1 of its levels.

You collected 5 gold pieces.

Inventory:

Armour
 a - a +0 robe (worn) {Solar Flair}


   Skills:
 - Level 2.1 Dodging
 - Level 1.5 Stealth
 * Level 2.7 Spellcasting


You couldn't memorise any spells.
You knew the following spells:

 Your Spells              Type           Power      Damage    Failure   Level
a - Foxfire               Conj/Fire      40%        2x1d6     6%          1
b - Conjure Flame         Conj/Fire      10%        6-21      19%         3
c - Inner Flame           Hex/Fire       10%        N/A       19%         3
d - Sticky Flame          Conj/Fire      10%        2d3       54%         4
e - Fireball              Conj/Fire      5%         3d5       87%         5
Your spell library was empty.

Dungeon Overview and Level Annotations

Branches:
Dungeon (1/15)

Altars:


Innate Abilities, Weirdness & Mutations

You are immune to sickness and miasma.
You are immune to poison.
Your flesh is very heat resistant. (rF++)
You are vulnerable to cold. (rC-)
You float through the air rather than walking.
You learn spells naturally, not from books.
Your magical power is your life essence.
You have superior vitality. (+4 HP)


Message History

You kill the giant cockroach!
The kobold throws a stone.
The stone misses you.
Found a scroll labelled XEVAIG PAUL.
Found a stone staircase leading down.
A frilled lizard comes into view.
A giant cockroach comes into view.
The kobold throws a stone.
The stone hits you.
* * * LOW HITPOINT WARNING * * *
You see here a cyan potion.
You aren't carrying any potions.
You aren't carrying any scrolls.
The kobold throws a stone.
The stone hits you.
* * * LOW HITPOINT WARNING * * *
Found a chain mail.
A goblin comes into view. It is wielding a +0 dagger.
The giant cockroach bites you but does no damage.
Press: ? - help, v - describe, . - travel The floor.
Press: ? - help, v - describe, . - travel The floor.
Casting: Foxfire (safe; 6% risk of failure)
Press: ? - help, Q - select action Dir - look around, f - activate You conjure some foxfire!
* * * LOW HITPOINT WARNING * * *
The rat bites you.
* * * LOW HITPOINT WARNING * * *
Your foxfire dissipates!
The foxfire hits the rat.
You kill the rat!
You reach down and open the door.
The giant cockroach barely misses you.
There is an open door here.
The giant cockroach bites you.
* * * LOW HITPOINT WARNING * * *
A ball python comes into view.
The giant cockroach bites you but does no damage.
The ball python hisses angrily.
You hear an angry hiss.
A frilled lizard comes into view.
You see here a +0 club.
The giant cockroach bites you.
You die...

..
#.....!........####K#
..
......................g
#....##...#.........##.
#....##...#g........##.
#....#..............##.
#... #...K.....#...####
#.. #.........#...# ##
+.B...............
#@S...............
#...................
#####...........#...
.....l..... ##
.......... .........
.....#. ## ...# #..
+...


You could see a giant cockroach, a hobgoblin, a ball python, a kobold and a
frilled lizard.

Vanquished Creatures
  A dart slug (D:1)
  A giant cockroach (D:1)
  A bat (D:1)
  A rat (D:1)
4 creatures vanquished.

Vanquished Creatures (others)
  16 foxfires (D:1)
16 creatures vanquished.

Grand Total: 20 creatures vanquished

Notes
Turn   | Place    | Note
-------+----------+-------------------------------------------
     0 | D:1      | tkbsonic5 the Djinni Fire Elementalist began the quest for
                  | the Orb.
     0 | D:1      | Reached XP level 1. HP: 15/15 MP: 0/0
   153 | D:1      | Slain by a giant cockroach

Illustrated notes

Levels and vault maps discovered:
D:1:      heliophobic_arrival_enchanted_forest, layout_basic, serial_shops, shop

Action                   || total
-------------------------++-------
 Cast: Foxfire           ||    11
Armor: Robe              ||     7
Dodge: Dodged            ||    10
